 Dungeon Crawl Stone Soup version bcrawl-1.21.3-16-g7f46a08de7 (webtiles) character file.

Game seed: 6178223907785220693

91 Anathary the Shield-Bearer (level 4, -3/28 HPs)
             Began as a Vine Stalker Fighter on May 3, 2020.
             Slain by Sigmund
             ... wielding a +0 scythe
              (7 damage)
             ... on level 3 of the Dungeon.
             The game lasted 00:05:25 (2316 turns).

Anathary the Shield-Bearer (Vine Stalker Fighter)   Turns: 2316, Time: 00:05:25

Health: -3/28      AC:  7    Str: 18    XL:     4   Next: 57%
Magic:  5/5        EV:  7    Int:  8    God:
Gold:   141        SH: 10    Dex: 15    Spells: 3/3 levels left

rFire    . . .     SeeInvis .   a - +0 long sword
rCold    . . .     Gourm    .   c - +0 medium shield
rNeg     . . .     Faith    .   b - +0 scale mail
rPois    .         Spirit   .   (no helmet)
rElec    .         Reflect  .   (no cloak)
rCorr    .         Harm     .   j - +0 pair of gloves
MR       .....                  (no boots)
Stlth    ..........             (no amulet)
HPRegen  0.49/turn              (no ring)
MPRegen  0.09/turn              (no ring)

@: no status effects
A: fangs 2, regeneration 1, no potion heal 3, rot immunity, strong jaws
a: no special abilities


You were on level 3 of the Dungeon.
You were not hungry.

You visited 1 branch of the dungeon, and saw 3 of its levels.

You collected 141 gold pieces.

Inventory:

Hand Weapons
 a - a +0 long sword (weapon)
Armour
 b - a +0 scale mail (worn)
 c - a +0 medium shield (worn)
 j - a +0 pair of gloves (worn)
 p - a +0 plate armour
Jewellery
 l - a +3 ring of dexterity {unknown}
Scrolls
 g - 2 scrolls of enchant armour {unknown}
 h - 3 scrolls of teleportation {unknown}
 k - a scroll of immolation {unknown}
 o - a scroll of fear {unknown}
 r - 2 scrolls of identify {unknown}
 s - a scroll of remove curse {unknown}
 t - a scroll of blinking {unknown}
 u - a scroll of amnesia {unknown}
Potions
 d - 2 potions of might
 f - a potion of magic {unknown}
 i - a potion of cancellation {unknown}
 m - a potion of lignification {unknown}
 n - a potion of haste {unknown}
 q - a potion of curing {unknown}
Comestibles
 e - 3 rations {!d}


   Skills:
 + Level 3.1 Fighting
 + Level 2.5 Long Blades
 + Level 2.9 Armour
 + Level 0.1 Dodging
 + Level 0.2 Stealth
 + Level 3.5 Shields


You had 3 spell levels left.
You didn't know any spells.
Your spell library was empty.

Dungeon Overview and Level Annotations

Branches:
Dungeon (3/12)

Altars:

Annotations:
D:3 Sigmund


Innate Abilities, Weirdness & Mutations

You have extremely sharp teeth.
Your natural rate of healing is unusually fast.
Potions cannot restore your health.
You are immune to rotting.
Your bites deal extra damage.


Message History

Sigmund is moderately wounded.
Sigmund hits you with a +0 scythe!
* * * LOW HITPOINT WARNING * * *
You hit Sigmund. You bite Sigmund.
Sigmund is moderately wounded.
Sigmund looks braver for a moment.
You hit Sigmund. Your bite misses Sigmund.
Sigmund is heavily wounded.
Sigmund hits you with a +0 scythe.
* * * LOW HITPOINT WARNING * * *
You hit Sigmund.
Sigmund is severely wounded.
Sigmund barely misses you.
You hit Sigmund but do no damage. You bite Sigmund.
Sigmund is severely wounded.
Sigmund completely misses you.
You hit Sigmund.
Sigmund is almost dead.
Sigmund hits you with a +0 scythe!
You die...

######################
......@@.............#
####################.##
#..# ##.## #.#. #.#.
#.#. #... ##..


You could see Sigmund.

Vanquished Creatures
  2 adders (D:2)
  2 oozes
  2 worms (D:2)
  2 dart slugs (D:2)
  A leopard gecko (D:3)
  A giant cockroach (D:2)
  8 goblins
  6 hobgoblins
  A quokka (D:2)
  7 bats
  6 frilled lizards
  13 kobolds
  8 rats
59 creatures vanquished.

Notes
Turn   | Place    | Note
-------+----------+-------------------------------------------
     0 | D:1      | Anathary the Vine Stalker Fighter began the quest for the
                  | Orb.
     0 | D:1      | Reached XP level 1. HP: 13/13 MP: 2/2
   211 | D:1      | Reached XP level 2. HP: 18/18 MP: 3/3
   707 | D:1      | Reached XP level 3. HP: 23/23 MP: 4/4
  1078 | D:2      | Reached XP level 4. HP: 28/28 MP: 5/5
  2305 | D:3      | Noticed Sigmund
  2316 | D:3      | Slain by Sigmund

Skill      XL: |  1  2  3 |
---------------+----------+-----
Shields        | 3 |  3.5
Fighting       | 3 |  3.1
Long Blades    | 2 |  2.5
Armour         | |  2.9
Dodging        | |  0.1
Stealth        | |  0.2

Action                   |  1- 3 |  4- 6 || total
-------------------------+-------+-------++-------
Melee: Long sword        |   130 |    74 ||   204
       Bite              |    10 |     8 ||    18
  Eat: Chunk             |     1 |       ||     1
       Ration            |       |     1 ||     1
Armor: Scale mail        |    62 |    25 ||    87
Dodge: Dodged            |    24 |    16 ||    40
Block: Medium shield     |    67 |    28 ||    95
